Arrhythmia, chaotic female vampiric Convict ------------ |..........-# --------- |..........|# |...|....0#### |..........|### |..%|...| # ----- |..>.......| # |.<....<.# ###|...| -----|------ ### |...|...|# #@+...| # # |...-...|# # |...| ### ##-...|....###### ---|- # ---------# # ###### # --|----------- |..."[......"| |%%./[.%[.*[*| |...(*.!.[!/.| |%+!=[!%%.*/.| -------------- Arrhythmia the Prisoner Experience level: 10 Strength: 15 Dexterity: 15 Constitution: 20 Intelligence: 11 Wisdom: 8 Charisma: 6 Health: 0(95) Energy: 54(54) AC: -5 Gold: 140 Moves: 11870 Your Inventory: Coins $ - 140 gold pieces Armor b - an uncursed +0 striped shirt (being worn) m - an uncursed +0 pair of gloves called Reg [leather] (being worn) r - an uncursed +0 pair of elven boots (being worn) A - an [uncursed] +0 blue and green shield [elven] (being worn) C - an uncursed +1 elven mithril-coat (being worn) D - an uncursed +0 leather hat [elven leather helm] (being worn) L - an uncursed +2 leather cloak (being worn) Scrolls l - an [uncursed] scroll of teleportation s - an [uncursed] scroll labeled KIRJE [of scare monster] t - an [uncursed] scroll labeled GNIK SISI VLE [of enchant weapon] Potions d - an [uncursed] potion of object detection I - an uncursed potion of sleeping K - a cursed potion of full healing U - a cursed potion of gain ability Wands G - an [uncursed] wand of cold [0:3] Tools f - an uncursed skeleton key k - an uncursed towel n - an [uncursed] bag [sack] v - an uncursed looking glass [mirror] Iron balls c - an uncursed heavy iron ball (weapon in hand) Spells known in the end: Name Level Category Fail Memory Your skills at the end: Fighting Skills body armor [Basic / Skilled] Weapon Skills flail [Skilled / Expert] sling [Basic / Skilled] Spellcasting Skills Final Attributes: You were piously aligned. Hunger level was 10. Your alignment was 66 / 69. Monster difficulty range was 1 - 9. Level difficulty was 8. You were immune to poison. You were immune to level-drain. You were immune to sickness. You were confused. You were stealthy. You could fly. You could survive without air. You regenerated. You were unlucky (-2). Tymora was angry with you (1). You are dead. Vanquished creatures: 2 large mimics 6 small mimics a warhorse a wood golem a giant turtle a freezing sphere a tengu a leather golem a soldier 3 watchmen 2 giant beetles a quivering blob 2 panthers 7 leprechauns an orc-captain an iron piercer a mumak 2 giant spiders 4 horses an ice vortex a black light 3 vampire bats 2 gnome kings a dwarf mummy 4 brown puddings an owlbear a yeti 2 Green-elves 4 lizards a dingo 2 dwarf lords a blue jelly a dust vortex 2 apes a Woodland-elf a snow ant 3 wood nymphs a mountain nymph 2 Mordor orcs 2 Uruk-hai 3 rock piercers 3 enormous rats a rock mole 2 ponies a fog cloud 3 yellow lights 2 shriekers a violet fungus 11 gnome lords 2 gnomish wizards 2 red naga hatchlings a barrow wight a ghoul 2 paper golems 8 giant ants 2 little dogs 3 floating eyes a kitten 13 dwarves a kobold shaman 10 hill orcs a rothe a giant bat 7 monkeys 3 orc zombies 7 dwarf zombies 2 wererats 4 muggers an iguana 3 killer bees 4 acid blobs a gas spore 2 hobbits 3 large kobolds a hobgoblin 3 giant rats a cave spider a brown mold 4 yellow molds a green mold 40 gnomes 5 geckos 3 jackals a fox 2 kobolds 4 goblins 5 sewer rats 8 grid bugs 3 bats 5 lichens 2 kobold zombies 4 newts 281 creatures vanquished. Voluntary challenges: You went without food. You never hit with a wielded weapon. You read items or engraved 11 times. You put on armor 76 times. You never genocided any monsters. You never polymorphed an object. You never changed form. You used no wishes. You abstained from Elbereth's help. You never encountered a bones level. You never used any Sokoban shortcuts. Dungeon overview: The Dungeons of Doom: levels 1 to 8 Level 1 a long staircase Level 2 (Succ) a general store, a fountain, a sink Level 3 a potion shop, a fountain, a sink Level 4 (Succ) an altar to Tymora stairs to The Gnomish Mines Level 5 a delicatessen, a sink Level 6 many fountains Level 7 a fountain, a sink stairs to Sokoban Level 8 <- You were here a general store stairs to Town The Gnomish Mines: levels 5 to 9 Level 5 (Sam ) stairs to The Dungeons of Doom Level 7 some shops, a temple, a magic chest, some fountains, a sink Sokoban: Level 6 a magic chest stairs to The Dungeons of Doom Town: levels 5 to 7 Level 5 many shops, some fountains, a sink Level 6 some fountains, many trees Level 7 stairs to The Dungeons of Doom History has recorded: On T:1 you entered the Dungeons of Doom to retrieve the Amulet of Yendor! On T:274 you reached level 2 of The Dungeons of Doom. On T:702 you advanced to experience level 2. On T:765 you advanced to experience level 3. On T:974 you advanced to experience level 4. On T:1101 you advanced to experience level 5. On T:1132 you reached level 3 of The Dungeons of Doom. On T:1509 you advanced to experience level 6. On T:1535 you reached level 4 of The Dungeons of Doom. On T:2121 you reached level 1 of The Gnomish Mines. On T:2336 you advanced to experience level 7. On T:2550 you received Luck Blade from Tymora. On T:3064 you reached level 2 of The Gnomish Mines. On T:3249 you advanced to experience level 8. On T:3393 you reached level 3 of The Gnomish Mines. On T:4726 you received a fireproof sling of telepathy from Tymora. On T:5384 you advanced to experience level 9. On T:6319 you reached level 4 of The Gnomish Mines. On T:6824 you reached level 5 of The Gnomish Mines. On T:7458 you reached level 5 of The Dungeons of Doom. On T:7524 you received Frost Brand from Tymora. On T:8131 you reached level 6 of The Dungeons of Doom. On T:8288 you advanced to experience level 10. On T:8404 you reached level 7 of The Dungeons of Doom. On T:9528 you reached level 3 of Sokoban. On T:9721 you reached level 8 of The Dungeons of Doom. On T:9734 you reached level 3 of Town. On T:9957 you reached level 2 of Town. On T:10315 you reached level 1 of Town. Latest messages: "Thou must relearn thy lessons!" You feel foolish! [3 turns] Magical energies course through your body. The cockatrice bites! The cockatrice touches you! The door closes. Never mind. Huh, What? Where am I? This tastes like Hot Futa Mare Dick juice. You feel weak now. As you read the scroll, it disappears. Being confused, you mispronounce the magic words... You have found a scroll of genocide! Wiped out all convicts from this level. The sack is empty. Final status: Goodbye Arrhythmia the Convict... You were genocided in The Dungeons of Doom on dungeon level 8 with 18212 points, and 140 pieces of gold, after 11870 moves. You were level 10 with a maximum of 95 hit points when you were genocided.